 Dungeon Crawl Stone Soup version 0.28.0-53-g5a82cb258f (webtiles) character file.

Game seed: 14479971299811880715

935 hawla the Firebug (level 7, -3/36 HPs)
             Began as a Deep Elf Fire Elementalist on Aug 3, 2022.
             Shot with an arrow by a centaur (7 damage)
             ... on level 6 of the Dungeon.
             The game lasted 00:12:59 (5096 turns).

hawla the Firebug (Deep Elf Fire Elementalist)      Turns: 5096, Time: 00:13:00

Health: -3/36      AC:  4    Str: 11    XL:     7   Next: 87%
Magic:  6/17       EV: 13    Int: 22    God:
Gold:   431        SH:  0    Dex: 15    Spells: 10/17 levels left

rFire   . . .      SeeInvis .   g - +2 quarterstaff (chaos)
rCold   . . .      Faith    .   (shield currently unavailable)
rNeg    . . .      Spirit   .   a - +1 robe
rPois   .          Reflect  .   (no helmet)
rElec   .          Harm     .   h - +0 cloak
rCorr   .          Rampage  .   (no gloves)
Will    .....                   (no boots)
Stlth   ++........              (no amulet)
HPRegen 0.12/turn               l - ring of flight
MPRegen 0.15/turn               m - +6 ring of strength

@: flying
A: no striking features
a: no special abilities


You were on level 6 of the Dungeon.
You visited 1 branch of the dungeon, and saw 6 of its levels.
You also visited: Ossuary.

You collected 431 gold pieces.

Inventory:

Hand Weapons
 g - a +2 quarterstaff of chaos (weapon)
Missiles
 d - 10 poisoned darts
 o - 5 javelins
 r - 6 boomerangs (quivered)
Armour
 a - a +1 robe (worn)
 h - a +0 cloak (worn)
Magical Staves
 s - a staff of death
Jewellery
 l - a ring of flight (left hand)
 m - a +6 ring of strength (right hand)
Wands
 c - a wand of iceblast (7)
Scrolls
 b - 2 scrolls of teleportation
 i - 4 scrolls of identify
 j - 3 scrolls of fear {unknown}
 n - 2 scrolls of enchant weapon {unknown}
 q - a scroll of summoning {unknown}
 v - a scroll of enchant armour
 w - 2 scrolls of amnesia {unknown}
 y - a scroll of torment {unknown}
Potions
 e - a potion of heal wounds
 f - 7 potions of curing
 k - a potion of resistance {unknown}
 p - a potion of berserk rage {unknown}
 t - a potion of invisibility {unknown}
 u - a potion of lignification {unknown}
 x - a potion of degeneration {unknown}


   Skills:
 - Level 0.2 Fighting
 - Level 1.3 Staves
 - Level 2.8 Dodging
 - Level 3.4 Stealth
 - Level 5.7 Spellcasting
 * Level 4.2 Conjurations
 * Level 7.9 Fire Magic


You had 10 spell levels left.
You knew the following spells:

 Your Spells              Type           Power      Damage    Failure   Level
a - Foxfire               Conj/Fire      100%       2x1d9     1%          1
b - Scorch                Fire           82%        2d9       1%          2
c - Flame Wave            Conj/Fire      33%        2d8       8%          4

Your spell library contained the following spells:

 Spells                   Type           Power      Damage    Failure   Level
 Conjure Flame            Conj/Fire      33%        6-21      2%          3
 Inner Flame              Hex/Fire       23%        N/A       5%          3


Dungeon Overview and Level Annotations

Branches:
Dungeon (6/15)            Ossuary (visited)
 Temple: D:4-7

Altars:
Elyvilon
Makhleb
Okawaru
Sif Muna


Message History

The ogre is severely wounded.
The flame wave engulfs the bullfrog zombie.
The bullfrog zombie is almost destroyed.
The flame wave engulfs the scorpion!
The scorpion is heavily wounded.
You hear an angry growl.
The bullfrog zombie closely misses you. The scorpion misses you.
The bullfrog zombie hits you.
The ogre hits you with a +0 giant club!!
Ouch! That really hurt!
A wave of flame ripples out!
The flame wave engulfs the ogre!
You kill the ogre!
The flame wave engulfs the bullfrog zombie.
The bullfrog zombie is almost destroyed.
The flame wave engulfs the scorpion!
You kill the scorpion!
You finish channelling waves of flame.
The bullfrog zombie barely misses you.
Your Conjurations skill increases to level 4!
Casting: Flame Wave (quite dangerous; 8% risk of failure)
Confirm with . or Enter, or press ? or * to list all spells.
Flames lash the bullfrog zombie.
You destroy the bullfrog zombie!
A centaur comes into view.
A centaur is nearby!
A centaur is nearby!
Casting: Scorch (safe; 1% risk of failure)
Confirm with . or Enter, or press ? or * to list all spells.
You conjure some foxfire!
The centaur shouts!
Casting: Foxfire (safe; 1% risk of failure)
Confirm with . or Enter, or press ? or * to list all spells.
You conjure some foxfire!
The foxfire hits the centaur.
The centaur is lightly wounded.
The foxfire hits the centaur.
The centaur is moderately wounded.
The centaur wields a +0 shortbow.
The centaur shoots an arrow.
The arrow hits you!
* * * LOW HITPOINT WARNING * * *
The centaur shoots an arrow.
The arrow hits you!
You die...

#.............
#.........)...
#.............
##.............
...............
#..............
#...§vv...../
#.§§@.# ##.####
.c #.. #. #


You could see a centaur (ally target).

Vanquished Creatures
  4 ogres
  3 scorpions
  A jelly (D:4)
  A bullfrog zombie (D:6)
  A hound (D:5)
  Crazy Yiuf (D:2)
  An iguana (D:4)
  A hound skeleton (D:3)
  8 mummies (Ossuary)
  6 adders
  2 white imps (D:5)
  An adder skeleton (D:4)
  3 worms
  3 dart slugs
  5 orcs
  3 ball pythons (D:3)
  8 endoplasms
  2 giant cockroaches
  8 goblins
  7 hobgoblins
  4 quokkas
  A bat (D:2)
  2 frilled lizards
  A hobgoblin zombie (Ossuary)
  7 kobolds
  4 kobold zombies (Ossuary)
  3 orc zombies (Ossuary)
  4 rats
95 creatures vanquished.

Vanquished Creatures (collateral kills)
  A foxfire (D:3)
1 creature vanquished.

Vanquished Creatures (others)
  226 foxfires
  2 fungi (D:2)
228 creatures vanquished.

Grand Total: 324 creatures vanquished

Notes
Turn   | Place    | Note
-------+----------+-------------------------------------------
     0 | D:1      | hawla the Deep Elf Fire Elementalist began the quest for
                  | the Orb.
     0 | D:1      | Reached XP level 1. HP: 10/10 MP: 6/6
   276 | D:1      | Found a faded altar of an unknown god.
   370 | D:1      | Reached XP level 2. HP: 15/15 MP: 2/8
   777 | D:1      | Reached skill level 4 in Fire Magic
   969 | D:2      | Learned a level 2 spell: Scorch
  1045 | D:2      | Reached XP level 3. HP: 19/19 MP: 3/9
  1828 | D:2      | Found a runed translucent door.
  1829 | D:2      | Noticed Crazy Yiuf
  1836 | D:2      | Killed Crazy Yiuf
  1942 | D:3      | Reached XP level 4. HP: 24/24 MP: 4/12
  2823 | D:4      | Reached XP level 5. HP: 28/28 MP: 8/14
  3092 | D:4      | Found a shimmering blue altar of Sif Muna.
  3129 | D:4      | Found an iron altar of Okawaru.
  3207 | D:4      | Noticed an ogre
  3210 | D:4      | Reached skill level 1 in Staves
  3216 | D:4      | Killed an ogre
  3217 | D:4      | Reached skill level 5 in Spellcasting
  3217 | D:4      | Reached skill level 5 in Fire Magic
  3217 | D:4      | Reached XP level 6. HP: 32/32 MP: 8/15
  3561 | D:5      | Entered Level 5 of the Dungeon
  3607 | D:5      | Found a burning altar of Makhleb.
  3616 | D:5      | Found a sand-covered staircase.
  3625 | Ossuary  | Entered an ossuary
  3687 | Ossuary  | Learned a level 4 spell: Flame Wave
  4393 | D:5      | Reached skill level 6 in Fire Magic
  4396 | D:5      | Reached XP level 7. HP: 36/36 MP: 10/17
  4744 | D:5      | Found a white marble altar of Elyvilon.
  4972 | D:5      | Identified the +2 ring mail of Analysis {rElec rC+ Str+4
                  | Stlth+}
  4986 | D:5      | Reached skill level 7 in Fire Magic
  5096 | D:6      | Shot with an arrow by a centaur

Illustrated notes

Levels and vault maps discovered:
D:1:      heliophobic_arrival_battle_scene, layout_rooms,
          chequers_ecumenical_altar_simple_redux, minmay_unequal
D:2:      layout_loops_ring, uniq_crazy_yiuf_cottage
D:3:      layout_loops_cross, minmay_statues_item
D:4:      minmay_chambers_of_twos, layout_rooms, led_sif_pool,
          kennysheep_okawaru_gauntlet
D:5:      layout_loops_ring, nicolae_overflow_crystal_walls,
          mainiacjoe_overflow_alcove_1, lightli_ossuary_entry_decrepit_ruins,
          chequers_serial_rivers_marsh
D:6:      layout_rooms, minmay_temple_entry_from_below_b, minmay_checkerbox

Skill      XL: |  1  2  3  4  5  6  7 |
---------------+----------------------+-----
Fire Magic     | 4 5 6 7 |  7.9
Stealth        | 3 |  3.4
Spellcasting   | 4 5 |  5.7
Conjurations   | 2 3 4 |  4.2
Staves         | 1 |  1.3
Fighting       | |  0.2
Dodging        | |  2.8

Action                   |  1- 3 |  4- 6 |  7- 9 || total
-------------------------+-------+-------+-------++-------
Melee: Unarmed           |     2 |       |       ||     2
       Punch             |     1 |       |       ||     1
       Quarterstaff      |       |    28 |       ||    28
 Cast: Foxfire           |    52 |    64 |    20 ||   136
       Scorch            |     6 |    25 |     7 ||    38
       Flame Wave        |       |       |     1 ||     1
  Use: Scroll            |     5 |     4 |       ||     9
 Stab: Sleeping          |       |     2 |       ||     2
Armor: Robe              |     4 |    10 |     1 ||    15
Dodge: Dodged            |     8 |    18 |     5 ||    31
